Map: Ulrena

Players

jobboy - Winner!

  • Race: Terran Terran
  • Spawn Location: 7:00

zidar

  • Race: Zerg Zerg
  • League: Silver
  • Spawn Location: 11:00

VOD

Have the link to the VOD?

Description

Time

  • Played on: Feb. 10, 2016, 3:09 p.m.
  • Length: 18:57
Show
View Real Time Build Order
Export as new Build Order

jobboy Terran - Winner!

Build Orders:  

Get SALT Encoding   

  12  0:01  SCV  
  13  0:13  SCV  
  14  0:18  Supply Depot  
  14  0:25  SCV  
  15  0:30  Refinery  
  15  0:40  SCV  
  16  0:45  Barracks  
  16  0:52  SCV  
  17  1:04  SCV  
  18  1:16  SCV  
  19  1:33  Marine  
  20  1:40  Command Center  
  20  1:43  SCV  
  21  1:53  Marine  
  21  1:54  Supply Depot  
  22  2:03  Orbital Command  
  22  2:10  Marine  
  24  2:31  SCV  
  24  2:40  Bunker  
  24  2:43  Barracks Reactor  
  24  2:44  SCV  
  25  2:54  Orbital Command  
  25  3:00  SCV  
  25  3:01  Barracks x2  
  26  3:15  Supply Depot  
  26  3:16  SCV  
  27  3:22  Refinery, Engineering Bay  
  27  3:25  SCV  
  28  3:28  SCV  
  28  3:29  Marine x2  
  31  3:40  SCV  
  31  3:41  SCV  
  33  3:49  Terran Infantry Weapons Level 1  
  33  3:51  Factory  
  30  4:11  SCV x2  
  30  4:12  Supply Depot  
  30  4:14  Marine x2  
  30  4:15  Marine  
  36  4:23  SCV  
  37  4:25  Barracks Tech Lab  
  37  4:28  SCV  
  37  4:34  Marine x2  
  37  4:35  Marine, SCV  
  37  4:37  Factory Reactor  
  41  4:40  SCV  
  41  4:42  Starport  
  42  4:46  Stimpack  
  42  4:47  SCV  
  42  4:52  SCV  
  44  4:58  Refinery  
  44  5:01  Marine x3  
  44  5:02  Marauder  
  49  5:09  SCV  
  49  5:10  SCV  
  49  5:11  Barracks  
  51  5:27  Marine x3  
  51  5:28  Marauder  
  56  5:29  Factory Tech Lab  
  42  5:44  Marine  
  42  5:45  Marine x2  
  42  5:49  Marine  
  43  6:01  SCV x2  
  45  6:07  Marine, Marauder, Bunker  
  45  6:08  Marine x2  
  45  6:10  Siege Tank  
  53  6:13  SCV, Medivac x2  
  53  6:15  SCV  
  59  6:25  Marine, SCV  
  61  6:37  Supply Depot  
  61  6:39  Supply Depot  
  61  6:45  Marauder  
  52  6:57  Marine x3  
  52  6:59  Liberator  
  55  7:06  Marine  
  55  7:15  Marine, Siege Tank  
  59  7:19  SCV x2  
  64  7:25  Marauder  
  66  7:31  SCV  
  66  7:32  Refinery  
  67  7:41  SCV  
  67  7:42  Bunker  
  67  7:43  SCV  
  69  7:45  Marine x4  
  69  7:47  Combat Shield  
  73  7:56  Terran Infantry Armor Level 1  
  73  7:58  Command Center  
  73  8:04  Marauder  
  75  8:10  Marine  
  75  8:11  Marine x2  
  78  8:19  SCV x2  
  80  8:25  Marine  
  81  8:28  Supply Depot  
  81  8:31  SCV  
  81  8:32  Liberator, Barracks Reactor  
  81  8:33  Siege Tank  
  85  8:34  Barracks x2  
  85  8:37  Barracks Reactor  
  85  8:38  Barracks  
  85  8:50  Marauder  
  85  8:52  Supply Depot  
  85  8:55  Supply Depot  
  90  8:57  Marine x2, Missile Turret, Supply Depot  
  90  8:59  Missile Turret x2  
  90  9:00  Missile Turret  
  90  9:02  Missile Turret  
  92  9:10  Concussive Shells  
  92  9:11  Marine, Siege Tank  
  92  9:15  Marine  
  94  9:59  Missile Turret  
  94  10:02  Missile Turret x2  
  94  10:03  Orbital Command  
  90  10:11  Marine x6  
  90  10:12  Marine x3, Marauder  
  101  10:19  Missile Turret  
  98  10:21  Missile Turret x2  
  98  10:29  Marine  
  98  10:30  Marine x3  
  98  10:34  Marauder, SCV  
  105  11:00  Missile Turret  
  105  11:04  Missile Turret, Siege Tank  
  105  11:06  Missile Turret  
  108  11:16  Missile Turret, Engineering Bay  
  108  11:19  Marine x5  
  108  11:20  Marine x4, Armory  
  108  11:21  Armory, Marauder  
  108  11:22  Medivac  
  121  11:30  SCV x3  
  124  11:34  Refinery  
  122  11:58  Marine x6  
  122  11:59  Marine x4  
  132  12:07  Supply Depot  
  132  12:16  Marine  
  132  12:19  Supply Depot  
  133  12:23  Supply Depot  
  133  12:25  Terran Infantry Weapons Level 2  
  133  12:26  Terran Infantry Armor Level 2  
  133  12:28  Marine x2, Terran Vehicle Weapons Level 1  
  133  12:29  Medivac x2  
  139  12:30  Terran Vehicle And Ship Armor Level 1  
  139  12:38  Siege Tank  
  139  12:43  Marine x5  
  139  12:44  Marine x3  
  145  12:46  Marine  
  148  12:53  Missile Turret  
  148  12:54  Missile Turret  
  148  12:56  SCV x2  
  150  12:59  Marine  
  150  13:02  Marauder  
  153  13:11  Medivac x2  
  157  13:52  Supply Depot  
  157  13:54  Supply Depot x2  
  157  14:13  Marine x8, SCV x2  
  157  14:14  Marine x2  
  157  14:15  SCV  
  134  14:31  Marine x5  
  134  14:32  Marine x2  
  141  14:42  Marine x3  
  141  14:43  SCV x3  
  147  14:49  Marine x5  
  118  15:00  Marine x3  
  118  15:01  Marine x2  
  118  15:06  Siege Tank  
  118  15:07  Marine x2, Marauder  
  122  15:18  Marine x3  
  121  15:21  Marine x4  
  121  15:24  Marine x2  
  121  15:26  SCV  
  128  15:29  Marauder  
  130  15:35  Marine  
  130  15:38  Siege Tank  
  131  16:05  Marine x5  
  131  16:06  Marine x4, Marauder  
  131  16:10  Siege Tank  
  145  16:14  Command Center  
  145  16:23  Marine  
  146  16:28  Marauder  
  148  16:43  Siege Tank  
  136  16:49  Marauder  
  132  17:11  Marauder  
  132  17:15  Marine x4  
  134  17:16  Marine x5  
  134  17:18  SCV x3  
  146  17:32  Marauder  
  146  17:33  Marine x4  
  146  17:34  Marine x3  
  147  17:53  Marauder, Orbital Command  
  147  17:57  Liberator x2  
  149  18:02  Starport x3  
  149  18:04  SCV x3  
  152  18:06  Refinery  
  152  18:15  Marauder  
  104  18:36  Marauder  
Show
View Real Time Build Order
Export as new Build Order

zidar Zerg 

Build Orders: Hatch First 

Get SALT Encoding   

  12  0:02  Drone  
  13  0:12  Overlord  
  13  0:18  Drone  
  14  0:30  Drone x2  
  14  0:34  Drone  
  17  0:56  Hatchery  
  16  0:57  Drone  
  16  1:01  Extractor  
  16  1:02  Drone  
  17  1:18  Spawning Pool  
  16  1:21  Drone  
  17  1:37  Drone  
  17  1:39  Overlord  
  18  1:40  Drone  
  19  1:56  Overlord  
  19  2:02  Drone  
  19  2:14  Queen  
  21  2:17  Queen  
  23  2:24  Metabolic Boost  
  23  2:36  Overlord  
  23  2:37  Drone  
  23  2:38  Drone  
  25  2:58  Zergling x6  
  26  2:59  Zergling x2  
  29  3:09  Extractor  
  29  3:12  Extractor  
  27  3:14  Extractor  
  27  3:18  Roach Warren  
  27  3:19  Drone x3  
  28  3:40  Drone x7  
  31  4:14  Roach x2  
  31  4:15  Roach x4  
  43  4:22  Lair  
  43  4:32  Drone  
  43  4:34  Overlord, Hatchery  
  43  4:40  Ravager  
  44  4:52  Ravager x2  
  46  4:56  Ravager  
  47  5:09  Queen  
  36  6:01  Zergling x2  
  36  6:02  Zergling x26  
  36  6:03  Roach  
  36  6:04  Roach x4  
  57  6:14  Overlord x4  
  57  6:31  Queen  
  37  7:07  Roach  
  37  7:08  Roach x12, Zergling x2  
  61  7:09  Zergling x8  
  66  7:31  Spire  
  65  7:39  Drone  
  65  7:40  Drone x2  
  68  7:45  Drone x5  
  68  7:46  Drone x2  
  75  7:57  Ravager x3  
  78  8:05  Overseer  
  78  8:14  Drone  
  78  8:15  Drone x5  
  78  8:16  Extractor  
  78  8:17  Extractor  
  82  8:21  Overlord  
  82  8:23  Overlord  
  82  8:41  Overseer  
  82  8:46  Mutalisk x5  
  92  8:50  Mutalisk  
  94  9:03  Drone x7  
  101  9:33  Infestation Pit  
  100  9:39  Evolution Chamber  
  100  9:41  Evolution Chamber  
  98  10:15  Roach  
  98  10:16  Roach x3  
  106  10:29  Overlord x5  
  106  10:30  Overlord x5  
  106  10:44  Zerg Ground Armor Level 1  
  106  10:45  Zerg Melee Weapons Level 1  
  106  10:59  Zergling x18  
  106  11:00  Roach x3  
  121  11:04  Ravager  
  121  11:05  Ravager x4  
  126  11:18  Hatchery  
  125  11:21  Pneumatized Carapace  
  125  12:00  Roach x4  
  125  12:01  Roach x3, Zergling x6  
  140  12:02  Zergling x18  
  151  12:10  Hive  
  147  12:56  Zerg Ground Armor Level 2, Zerg Melee Weapons Level 2  
  147  13:54  Ultralisk Cavern  
  146  13:56  Adrenal Glands  
  65  14:30  Zergling x2  
  53  14:31  Zergling x34  
  53  14:32  Zergling x40  
  53  14:33  Zergling x12  
  51  15:14  Mutalisk x9  
  49  15:33  Chitinous Plating  
  45  16:00  Ultralisk x2  
  31  17:14  Ultralisk x2  
  31  17:15  Ultralisk  
  46  17:59  Ultralisk  
  52  18:12  Hatchery  
Tags
 
League
Silver
Matchup
TvZ
Spawn Locations
Close Positions
Add a new tag
Caveats
  • Supply blocks, unpowered buildings, or Contaminate may cause inaccurate times.
  • Supply counts are checked every 10 seconds.